Map: Torches LE

Players

SubN

  • Race: Zerg Zerg
  • League: Diamond
  • Spawn Location: 5:00

KAYPAK - Winner!

  • Race: Protoss Protoss
  • League: Diamond
  • Spawn Location: 1:00

VOD

Have the link to the VOD?

Description

Time

  • Played on: July 22, 2025, 3:28 p.m.
  • Length: 3:16
Show
View Real Time Build Order
Export as new Build Order

SubN Zerg 

Build Orders: Pool First 

Get SALT Encoding   

  12  0:00  Drone  
  13  0:10  Drone  
  13  0:12  Extractor  
  13  0:29  Spawning Pool  
  12  0:57  Hatchery  
  11  1:16  Queen  
  13  1:27  Metabolic Boost  
  13  1:37  Overlord  
  13  1:47  Zergling x2  
  14  1:55  Zergling x2  
  15  2:12  Zergling x6  
  15  2:13  Zergling x2  
  19  2:22  Zergling x2  
  17  2:37  Spine Crawler  
  17  2:43  Spine Crawler  
  15  2:54  Zergling x6  
  15  2:55  Zergling x2  
Show
View Real Time Build Order
Export as new Build Order

KAYPAK Protoss - Winner!

Build Orders: Cannon Rush 

Get SALT Encoding   

  12  0:00  Probe  
  13  0:12  Probe  
  14  0:19  Pylon  
  14  0:25  Probe  
  15  0:33  Probe  
  15  0:41  Probe  
  16  0:45  Forge  
  17  0:56  Pylon  
  17  0:58  Probe  
  18  1:19  Photon Cannon  
  18  1:22  Probe  
  19  1:31  Pylon  
  19  1:40  Photon Cannon  
  19  1:42  Probe  
  20  1:54  Photon Cannon  
  20  1:57  Photon Cannon  
  20  2:00  Photon Cannon  
  20  2:02  Pylon  
  20  2:22  Photon Cannon  
  20  2:24  Photon Cannon  
  20  2:25  Photon Cannon  
  20  2:29  Pylon  
  20  2:35  Photon Cannon  
  20  2:48  Photon Cannon  
  20  2:55  Pylon  
  20  2:57  Pylon  
  20  3:02  Gateway  
  20  3:09  Photon Cannon  
Tags
 
Add a new tag
Caveats
  • Supply blocks, unpowered buildings, or Contaminate may cause inaccurate times.
  • Supply counts are checked every 10 seconds.